| TOP OF THE 1ST |
|
New Orleans Zephyrs batting - Pitching for Louisville Bats : LHP Ed Chavez
|
|
Pitching: LHP Ed Chavez
|
|
|
Batting: LHB David Doge
|
0-0: Foul Ball, location: 2F 0-1: Swinging Strike 0-2: Ball 1-2: Strikes out swinging
|
|
Batting: RHB Rafael Irizarry
|
0-0: Foul Ball, location: 2F 0-1: Ball 1-1: Foul Ball, location: 2F 1-2: Strikes out looking
|
|
Batting: RHB Manuel Taveras
|
0-0: Ball 1-0: Ball 2-0: Called Strike 2-1: Swinging Strike 2-2: Foul Ball, location: 2F 2-2: Ball 3-2: Strikes out swinging
|
| Top of the 1st over - 0 runs, 0 hits, 0 errors, 0 left on base; New Orleans 0 - Louisville 0 |
| BOTTOM OF THE 1ST |
|
Louisville Bats batting - Pitching for New Orleans Zephyrs : RHP Willie Ramos
|
|
Pitching: RHP Willie Ramos
|
|
|
Batting: RHB Takanibu Kaneshiro
|
0-0: Called Strike 0-1: Called Strike 0-2: Strikes out swinging
|
|
Batting: RHB Won-jun Park
|
0-0: Ball 1-0: Ground out 4-3 (Groundball, 4, EV 104.4 MPH)
|
|
Batting: RHB Bruno André
|
0-0: Foul Ball, location: 2F 0-1: Ground out U3 (Groundball, 34, EV 86.2 MPH)
|
| Bottom of the 1st over - 0 runs, 0 hits, 0 errors, 0 left on base; New Orleans 0 - Louisville 0 |
| TOP OF THE 2ND |
|
New Orleans Zephyrs batting - Pitching for Louisville Bats : LHP Ed Chavez
|
|
Batting: RHB Adam McGurn
|
0-0: Ball 1-0: Ball 2-0: Ball 3-0: Base on Balls
|
|
Batting: RHB Rick Fell
|
0-0: Called Strike 0-1: Ball 1-1: Ball 2-1: Foul Ball, location: 2F 2-2: Strikes out looking
|
|
Batting: SHB Ramon Martinez
|
0-0: Grounds into double play, 6-4-3 (Groundball, 6, EV 86.2 MPH)
|
| Top of the 2nd over - 0 runs, 0 hits, 0 errors, 0 left on base; New Orleans 0 - Louisville 0 |
| BOTTOM OF THE 2ND |
|
Louisville Bats batting - Pitching for New Orleans Zephyrs : RHP Willie Ramos
|
|
Batting: RHB Juan Reyes
|
0-0: Ball 1-0: SOLO HOME RUN (Flyball, 7D, EV 95.6 MPH), Distance : 367 ft
|
|
Batting: LHB Leo Gomez
|
0-0: Swinging Strike 0-1: Foul Ball, location: 2F 0-2: SINGLE (Line Drive, 8LS, EV 102.5 MPH)
|
|
Batting: RHB Jonathan Robies
|
0-0: Called Strike Leo Gomez steals 2nd base 0-1: Foul Ball, location: 2F 0-2: Ball 1-2: Strikes out swinging
|
|
Batting: LHB Jared Paige
|
0-0: Called Strike 0-1: Hit by Pitch
|
|
Batting: RHB Steve Bauman
|
0-0: Ball 1-0: SINGLE (Line Drive, 7LS, EV 111.2 MPH) Leo Gomez to third Jared Paige to second
|
|
Batting: LHB Ray Walden
|
0-0: Ball 1-0: Ball 2-0: Ball 3-0: Called Strike 3-1: Base on Balls Leo Gomez scores Jared Paige to third Steve Bauman to second
|
|
Batting: RHB Takanibu Kaneshiro
|
0-0: Called Strike 0-1: Ball 1-1: Ball 2-1: Ball 3-1: Swinging Strike 3-2: Strikes out swinging
|
|
Batting: RHB Won-jun Park
|
0-0: Ball 1-0: Foul Ball, location: 2F 1-1: Called Strike 1-2: Strikes out swinging
|
| Bottom of the 2nd over - 2 runs, 3 hits, 0 errors, 3 left on base; New Orleans 0 - Louisville 2 |
| TOP OF THE 3RD |
|
New Orleans Zephyrs batting - Pitching for Louisville Bats : LHP Ed Chavez
|
|
Batting: RHB Orlando Landa
|
0-0: Foul Ball, location: 2F 0-1: Foul Ball, location: 2F 0-2: Ball 1-2: Ball 2-2: Ball 3-2: Foul Ball, location: 2F 3-2: Fly out, F8 (Flyball, 8LS, EV 91.9 MPH)
|
|
Batting: RHB Masumitsu Sugiura
|
0-0: Called Strike 0-1: Swinging Strike 0-2: Ball 1-2: Strikes out looking
|
|
Batting: RHB Harrie de Kam
|
0-0: Foul Ball, location: 2F 0-1: Ball 1-1: Swinging Strike 1-2: Foul Ball, location: 2F 1-2: Strikes out swinging
|
| Top of the 3rd over - 0 runs, 0 hits, 0 errors, 0 left on base; New Orleans 0 - Louisville 2 |
| BOTTOM OF THE 3RD |
|
Louisville Bats batting - Pitching for New Orleans Zephyrs : RHP Willie Ramos
|
|
Batting: RHB Bruno André
|
0-0: Ball 1-0: Called Strike 1-1: Foul Ball, location: 2F 1-2: Foul Ball, location: 2F 1-2: Ball 2-2: Ball 3-2: Foul Ball, location: 2F 3-2: Base on Balls
|
|
Batting: RHB Juan Reyes
|
0-0: Ball 1-0: Fly out, F8 (Flyball, 8LD, EV 88.1 MPH)
|
|
Batting: LHB Leo Gomez
|
0-0: Foul Ball, location: 2F 0-1: Foul Ball, location: 2F 0-2: SINGLE (Line Drive, 4D, EV 95.0 MPH) Bruno André to second
|
|
Batting: RHB Jonathan Robies
|
0-0: Fly out, F8 (Flyball, 8RXD, EV 100.6 MPH) Runner from 2nd tags up, SAFE at 3rd, no throw by CF
|
|
Batting: LHB Jared Paige
|
0-0: Ball 1-0: Called Strike 1-1: Swinging Strike 1-2: SINGLE (Groundball, 4MD, EV 109.4 MPH) Bruno André scores Leo Gomez to second Runner from 2nd tries for 3rd, SAFE, throw by CF made to third
|
|
Batting: RHB Steve Bauman
|
0-0: Called Strike 0-1: Ball 1-1: Ball 2-1: Called Strike 2-2: Strikes out swinging
|
| Bottom of the 3rd over - 1 run, 2 hits, 0 errors, 2 left on base; New Orleans 0 - Louisville 3 |
| TOP OF THE 4TH |
|
New Orleans Zephyrs batting - Pitching for Louisville Bats : LHP Ed Chavez
|
|
Batting: LHB David Doge
|
0-0: Ball 1-0: Ball 2-0: Foul Ball, location: 2F 2-1: Ground out 6-3 (Groundball, 6, EV 88.1 MPH)
|
|
Batting: RHB Rafael Irizarry
|
0-0: Fly out, F5 (Popup, 15, EV 87.5 MPH)
|
|
Batting: RHB Manuel Taveras
|
0-0: Ball 1-0: Swinging Strike 1-1: Called Strike 1-2: Strikes out looking
|
| Top of the 4th over - 0 runs, 0 hits, 0 errors, 0 left on base; New Orleans 0 - Louisville 3 |
| BOTTOM OF THE 4TH |
|
Louisville Bats batting - Pitching for New Orleans Zephyrs : RHP Willie Ramos
|
|
Batting: LHB Ray Walden
|
0-0: Called Strike 0-1: Ball 1-1: SINGLE (Groundball, 56S, EV 61.9 MPH) (infield hit)
|
|
Batting: RHB Takanibu Kaneshiro
|
Pickoff Throw to First - Out! 1-3 0-0: Ball 1-0: Called Strike 1-1: Called Strike 1-2: Foul Ball, location: 2F 1-2: Ball 2-2: Ground out 6-3 (Groundball, 6D, EV 106.2 MPH)
|
|
Batting: RHB Won-jun Park
|
0-0: Called Strike 0-1: Ball 1-1: Foul Ball, location: 2F 1-2: Strikes out swinging
|
| Bottom of the 4th over - 0 runs, 1 hit, 0 errors, 0 left on base; New Orleans 0 - Louisville 3 |
| TOP OF THE 5TH |
|
New Orleans Zephyrs batting - Pitching for Louisville Bats : LHP Ed Chavez
|
|
Batting: RHB Adam McGurn
|
0-0: Foul Ball, location: 2F 0-1: SINGLE (Groundball, 56D, EV 98.1 MPH)
|
|
Batting: RHB Rick Fell
|
0-0: Foul Ball, location: 2F 0-1: Ball 1-1: Called Strike 1-2: Strikes out looking
|
|
Batting: SHB Ramon Martinez
|
0-0: Ball 1-0: Fly out, F8 (Flyball, 8RD, EV 92.5 MPH)
|
|
Batting: RHB Orlando Landa
|
0-0: Ball 1-0: Called Strike 1-1: Ball 2-1: Ball 3-1: Foul Ball, location: 2F 3-2: SINGLE (Line Drive, 89S, EV 99.4 MPH) Adam McGurn to second Adam McGurn to third
|
|
Batting: RHB Masumitsu Sugiura
|
0-0: Ball 1-0: Ball 2-0: Foul Ball, location: 2F 2-1: Ground out 1-3 (Groundball, 34S, EV 66.2 MPH)
|
| Top of the 5th over - 0 runs, 2 hits, 0 errors, 2 left on base; New Orleans 0 - Louisville 3 |
| BOTTOM OF THE 5TH |
|
Louisville Bats batting - Pitching for New Orleans Zephyrs : RHP Willie Ramos
|
|
Batting: RHB Bruno André
|
0-0: Ball 1-0: Ball 2-0: Reached on error, E5 (Groundball, 56S, EV 78.8 MPH)
|
|
Batting: RHB Juan Reyes
|
0-0: SINGLE (Flyball, 34D, EV 91.9 MPH) Bruno André to third
|
|
Batting: LHB Leo Gomez
|
0-0: Called Strike 0-1: Foul Ball, location: 2F 0-2: Strikes out swinging
|
|
Batting: RHB Jonathan Robies
|
0-0: Ball 1-0: Ball 2-0: Grounds into double play, 4-6-3 (Groundball, 4, EV 87.5 MPH)
|
| Bottom of the 5th over - 0 runs, 1 hit, 1 error, 1 left on base; New Orleans 0 - Louisville 3 |
| TOP OF THE 6TH |
|
New Orleans Zephyrs batting - Pitching for Louisville Bats : LHP Ed Chavez
|
|
Batting: RHB Harrie de Kam
|
0-0: SINGLE (Line Drive, 4M, EV 96.9 MPH)
|
|
Batting: LHB David Doge
|
0-0: Called Strike 0-1: Swinging Strike 0-2: Fly out, F3 (Line Drive, 4, EV 67.5 MPH)
|
|
Batting: RHB Rafael Irizarry
|
0-0: 2-RUN HOME RUN (Flyball, 7LD, EV 91.2 MPH), Distance : 333 ft
|
|
Batting: RHB Manuel Taveras
|
0-0: Ball 1-0: Called Strike 1-1: Foul Ball, location: 2F 1-2: Foul Ball, location: 2F 1-2: Fly out, F8 (Flyball, 8LM, EV 91.2 MPH)
|
|
Batting: RHB Adam McGurn
|
0-0: Ground out 5-3 (Groundball, 5, EV 83.8 MPH)
|
| Top of the 6th over - 2 runs, 2 hits, 0 errors, 0 left on base; New Orleans 2 - Louisville 3 |
| BOTTOM OF THE 6TH |
|
Louisville Bats batting - Pitching for New Orleans Zephyrs : RHP Willie Ramos
|
|
Batting: LHB Jared Paige
|
0-0: SOLO HOME RUN (Flyball, 7D, EV 96.9 MPH), Distance : 361 ft
|
|
Batting: RHB Steve Bauman
|
0-0: Called Strike 0-1: Swinging Strike 0-2: Strikes out swinging
|
|
DELAY
|
Rain delay of 56 minutes in the 6th inning.
|
|
Pitching: RHP Chris Forster
|
|
|
Batting: LHB Ray Walden
|
0-0: Called Strike 0-1: Ball 1-1: Ground out 3-1 (Groundball, 34, EV 86.9 MPH)
|
|
Batting: RHB Takanibu Kaneshiro
|
0-0: Called Strike 0-1: Foul Ball, location: 2F 0-2: Foul Ball, location: 2F 0-2: Strikes out swinging
|
| Bottom of the 6th over - 1 run, 1 hit, 0 errors, 0 left on base; New Orleans 2 - Louisville 4 |
| TOP OF THE 7TH |
|
New Orleans Zephyrs batting - Pitching for Louisville Bats : LHP Ed Chavez
|
|
Pitching: RHP Giovonni Morgia
|
|
|
Batting: RHB Rick Fell
|
0-0: Ball 1-0: Swinging Strike 1-1: DOUBLE (Groundball, 5L, EV 103.1 MPH)
|
|
Batting: SHB Ramon Martinez
|
0-0: Foul Ball, location: 2F 0-1: Called Strike 0-2: Fly out, F9 (Flyball, 89S, EV 88.1 MPH)
|
|
Batting: RHB Orlando Landa
|
0-0: Ball 1-0: Called Strike 1-1: Ground out U3 (Groundball, 3S, EV 85.6 MPH) Rick Fell to third
|
|
Batting: RHB Masumitsu Sugiura
|
0-0: Ball 1-0: Called Strike 1-1: Foul Ball, location: 2F 1-2: SINGLE (Line Drive, 8RS, EV 91.2 MPH) Rick Fell scores
|
|
Pinch Hitting: LHB Eric Bailey
|
0-0: Called Strike 0-1: Ground out 4-3 (Groundball, 4, EV 104.4 MPH)
|
| Top of the 7th over - 1 run, 2 hits, 0 errors, 1 left on base; New Orleans 3 - Louisville 4 |
| BOTTOM OF THE 7TH |
|
Louisville Bats batting - Pitching for New Orleans Zephyrs : RHP Chris Forster
|
|
Now in RF: Eric Bailey
|
|
|
Batting: RHB Won-jun Park
|
0-0: Called Strike 0-1: Called Strike 0-2: Ball 1-2: Strikes out swinging
|
|
Batting: RHB Bruno André
|
0-0: Ball 1-0: Called Strike 1-1: Ball 2-1: Fly out, F6 (Popup, 6MD, EV 73.1 MPH)
|
|
Batting: RHB Juan Reyes
|
0-0: Called Strike 0-1: Ball 1-1: Foul Ball, location: 2F 1-2: Ball 2-2: Strikes out looking
|
| Bottom of the 7th over - 0 runs, 0 hits, 0 errors, 0 left on base; New Orleans 3 - Louisville 4 |
| TOP OF THE 8TH |
|
New Orleans Zephyrs batting - Pitching for Louisville Bats : RHP Giovonni Morgia
|
|
Batting: LHB David Doge
|
0-0: Called Strike 0-1: Called Strike 0-2: Foul Ball, location: 2F 0-2: Ball 1-2: Foul Ball, location: 2F 1-2: Ground out 4-3 (Groundball, 4, EV 100.6 MPH)
|
|
Batting: RHB Rafael Irizarry
|
0-0: SINGLE (Groundball, 3D, EV 93.8 MPH)
|
|
Batting: RHB Manuel Taveras
|
0-0: Ball Rafael Irizarry is caught stealing 2nd base 2-4 1-0: Ball 2-0: Swinging Strike 2-1: Foul Ball, location: 2F 2-2: Strikes out swinging
|
| Top of the 8th over - 0 runs, 1 hit, 0 errors, 0 left on base; New Orleans 3 - Louisville 4 |
| BOTTOM OF THE 8TH |
|
Louisville Bats batting - Pitching for New Orleans Zephyrs : RHP Chris Forster
|
|
Pitching: RHP Adam Durant
|
|
|
Batting: LHB Leo Gomez
|
0-0: Foul Ball, location: 2F 0-1: Swinging Strike 0-2: Ball 1-2: Ball 2-2: Strikes out swinging
|
|
Batting: RHB Jonathan Robies
|
0-0: Ground out U3 (Groundball, 3S, EV 72.5 MPH)
|
|
Batting: LHB Jared Paige
|
0-0: Ball 1-0: Ball 2-0: Called Strike 2-1: Fly out, F7 (Flyball, 7S, EV 75.6 MPH)
|
| Bottom of the 8th over - 0 runs, 0 hits, 0 errors, 0 left on base; New Orleans 3 - Louisville 4 |
| TOP OF THE 9TH |
|
New Orleans Zephyrs batting - Pitching for Louisville Bats : RHP Giovonni Morgia
|
|
Pitching: RHP Junpei Yamazaki
|
|
|
Batting: RHB Adam McGurn
|
0-0: Foul Ball, location: 2F 0-1: Called Strike 0-2: Ball 1-2: Ball 2-2: Ball 3-2: Strikes out swinging
|
|
Batting: RHB Rick Fell
|
0-0: Foul Ball, location: 2F 0-1: Ball 1-1: Ball 2-1: Ball 3-1: SINGLE (Groundball, 56D, EV 101.9 MPH)
|
|
Batting: SHB Ramon Martinez
|
0-0: Ball 1-0: SINGLE (Groundball, 4MD, EV 100.6 MPH) Rick Fell to second Runner from 2nd tries for 3rd, SAFE, no throw by CF
|
|
Batting: RHB Orlando Landa
|
0-0: Swinging Strike 0-1: Swinging Strike 0-2: Strikes out looking
|
|
Batting: RHB Masumitsu Sugiura
|
0-0: Foul Ball, location: 2F 0-1: Ball 1-1: Ball 2-1: Ball 3-1: Base on Balls Ramon Martinez to second
|
|
Batting: LHB Eric Bailey
|
0-0: Ball 1-0: Foul Ball, location: 2F 1-1: Foul Ball, location: 2F 1-2: Strikes out swinging
|
| Top of the 9th over - 0 runs, 2 hits, 0 errors, 3 left on base; New Orleans 3 - Louisville 4 |
|